 Dungeon Sprint DCSS version 0.19-a0-1922-g1e9a4c1 (webtiles) character file.

160 poirepourri the Jinx (level 5, -14/24 HPs)
             Began as a Spriggan Enchanter on Oct 24, 2016.
             Collided with a stone wall (17 damage)
             ... caused by a deep elf mage
             ... in the Dungeon (Sprint III: "The Ten Rune Challenge").
             The game lasted 00:02:31 (521 turns).

poirepourri the Jinx (Spriggan Enchanter)            Turns: 521, Time: 00:02:32

Health: -14/24     AC:  4    Str:  4    XL:     5   Next: 17%
Magic:  8/15       EV: 21    Int: 17    God:
Gold:   18         SH:  0    Dex: 17    Spells: 5 memorised, 5 levels left

rFire  . . .     SeeInvis +     a - +1 dagger
rCold  . . .     Gourm    .     b - +1 robe
rNeg   . . .     Faith    .     (shield restricted)
rPois  .         Spirit   .     (helmet restricted)
rElec  .         Reflect  .     q - +0 cloak
rCorr  .         Harm     .     (gloves unavailable)
MR     .....     NoTele   +     (boots unavailable)
Stlth  +++.......               (no amulet)
                                (no ring)
                                (no ring)

@: very quick
A: unfitting armour, see invisible, herbivore 3, speed 3, slow metabolism 2
a: no special abilities


You were in the Dungeon.
You were not hungry.

You visited 1 branch You collected 18 gold pieces.

Inventory:

Hand Weapons
 a - a +1 dagger (weapon)
Armour
 b - a +1 robe (worn)
 q - a +0 cloak (worn)
Scrolls
 j - a scroll of blinking
 p - a scroll of remove curse
Potions
 e - 2 potions of curing
 g - a potion of haste
 h - a potion of magic
 k - 3 potions of mutation
 n - 2 potions of cure mutation
 o - 4 potions of flight
Books
 c - a book of Maledictions

   Spells                             Type                      Level
   a - Corona                         Hexes                        1
   b - Ensorcelled Hibernation        Hexes/Ice                    2
   c - Confuse                        Hexes                        3
   d - Tukima's Dance                 Hexes                        3
   e - Dazzling Spray                 Conjuration/Hexes            3
Comestibles
 d - a bread ration
 m - 2 royal jellies


   Skills:
 + Level 0.1 Fighting
 + Level 1.5 Short Blades
 + Level 6.0 Dodging
 - Level 4.4 Stealth
 + Level 6.9 Spellcasting
 + Level 0.4 Conjurations
 + Level 10.0 Hexes
 + Level 1.4 Ice Magic


You had 5 spell levels left.
You knew the following spells:

 Your Spells              Type           Power        Failure   Level  Hunger
a - Corona                Hex            #####..      1%          1    None
b - Ensorcelled Hibernat  Hex/Ice        ####..       1%          2    None
c - Confuse               Hex            #####...     1%          3    ##.....
d - Tukima's Dance        Hex            #####...     1%          3    ##.....
e - Dazzling Spray        Conj/Hex       ###...       6%          3    ##.....


Dungeon Overview and Level Annotations

Branches:
Dungeon (1/1)

Altars:
Elyvilon
Kikubaaqudgha
Sif Muna
Vehumet
Zin
The Shining One


Innate Abilities, Weirdness & Mutations

You are very small and have problems with some larger weapons.
You are too small for most types of armour.
You have supernaturally acute eyesight. (SInv)
You are a herbivore.
You cover ground extremely quickly.
You need consume almost no food.


Message History

You impale the deep elf mage!!
The deep elf mage is heavily wounded.
The deep elf mage completely misses you.
You barely miss the deep elf mage.
The deep elf mage is heavily wounded.
The deep elf mage closely misses you.
Casting: Ensorcelled Hibernation
Confirm with . or Enter, or press ? or * to list all spells.
Aiming: Dazzling Spray
Press: ? - help, Shift-Dir - straight line, f/p - deep elf mage
Aim: a deep elf mage, wielding a long sword of holy wrath (heavily wounded)
The spray of energy hits the deep elf mage.
The deep elf mage is severely wounded.
The deep elf mage points at you and mumbles some strange words.
The lance of force hits you!
* * * LOW HITPOINT WARNING * * *
You are knocked back by the lance of force.
You slam into the stone wall!
Ouch! That really hurt!
You die...

▓▓▓▓ ▓▓▓ ...####
##.#####
......#####..#___#
.......#..#..#e.@#
#.##...#..#..###'#+###+#
#.###..##'#..#..........
##.##..###...'.⌠........
..##..####...#...######+
..##.†###....#.⌠.#
.##...##.....#...#
##....#.)....#'###
##..##.#.....#.))#


You could see a deep elf mage.

Vanquished Creatures
  A water elemental (D)
  Crazy Yiuf (D)
  A wizard (D)
  A kobold demonologist (D)
  A human (D)
  2 oozes (D)
  2 rats (D)
9 creatures vanquished.

Vanquished Creatures (others)
  2 draconian scorchers (D)
  6 hellions (D)
  A yaktaur (D)
9 creatures vanquished.

Grand Total: 18 creatures vanquished

Notes
Turn   | Place    | Note
-------+----------+-------------------------------------------
     0 | D        | poirepourri the Spriggan Enchanter began the quest for the Orb.
     0 | D        | Reached XP level 1. HP: 9/9 MP: 5/5
     9 | D        | Reached skill level 4 in Hexes
    11 | D        | Reached skill level 5 in Hexes
    11 | D        | Reached XP level 2. HP: 13/13 MP: 5/7
    16 | D        | Learned a level 2 spell: Ensorcelled Hibernation
    73 | D        | Killed a yaktaur
    94 | D        | Noticed Crazy Yiuf
    97 | D        | Killed Crazy Yiuf
    97 | D        | Reached skill level 7 in Hexes
    97 | D        | Reached XP level 3. HP: 16/16 MP: 3/10
   117 | D        | Reached skill level 5 in Spellcasting
   124 | D        | Killed a hellion
   124 | D        | Killed a hellion
   141 | D        | Killed a hellion
   152 | D        | Killed a white draconian scorcher
   192 | D        | Killed a hellion
   248 | D        | Killed a hellion
   249 | D        | Killed a hellion
   322 | D        | Learned a level 3 spell: Confuse
   326 | D        | Learned a level 3 spell: Tukima's Dance
   330 | D        | Learned a level 3 spell: Dazzling Spray
   347 | D        | Killed a white draconian scorcher
   394 | D        | Noticed a water elemental
   409 | D        | Killed a water elemental
   409 | D        | Reached skill level 5 in Dodging
   409 | D        | Reached skill level 9 in Hexes
   409 | D        | Reached skill level 1 in Ice Magic
   409 | D        | Reached XP level 4. HP: 15/21 MP: 5/13
   499 | D        | Found a radiant altar of Vehumet.
   499 | D        | Found a deep blue altar of Sif Muna.
   499 | D        | Found an ancient bone altar of Kikubaaqudgha.
   499 | D        | Noticed a wizard
   501 | D        | Killed a wizard
   501 | D        | Reached XP level 5. HP: 24/24 MP: 15/15
   503 | D        | Reached skill level 10 in Hexes
   513 | D        | Found a glowing silver altar of Zin.
   513 | D        | Found a glowing golden altar of the Shining One.
   513 | D        | Found a white marble altar of Elyvilon.
   514 | D        | Noticed a deep elf mage
   521 | D        | Collided with a stone wall

Vault maps used:
D:        dungeon_sprint_mu

Skill      XL: |  1  2  3  4  5 |
---------------+----------------+-----
Spellcasting   | 3 4 6 |  6.9
Hexes          | 5 7 9 10 | 10.0
Dodging        | 4 5 6 |  6.0
Ice Magic      | 1 |  1.4
Fighting       | |  0.1
Short Blades   | |  1.5
Stealth        | |  4.4
Conjurations   | |  0.4

Action                   |  1- 3 |  4- 6 || total
-------------------------+-------+-------++-------
Melee: Dagger            |    13 |     5 ||    18
 Cast: Ensorcelled Hiber |     6 |     2 ||     8
       Dazzling Spray    |     3 |     2 ||     5
  Use: Scroll            |     6 |       ||     6
       Potion            |     3 |       ||     3
 Stab: Sleeping          |     6 |     3 ||     9
Dodge: Dodged            |    11 |     2 ||    13
